 Dungeon Crawl Stone Soup version 0.29.0-11-gd7f09526c8 (webtiles) character file.

Game seed: 7803267925515799734

3616 smilodon the Cleaver (level 9, -1/59 HPs)
             Began as a Demonspawn Fighter on Sept 5, 2022.
             Was a Follower of Hepliaklqana.
             Slain by a centaur warrior (6 damage)
             ... created by the fury of Okawaru
             ... in a bailey on Sept 6, 2022.
             The game lasted 00:25:16 (10353 turns).

smilodon the Cleaver (Demonspawn Fighter)          Turns: 10353, Time: 00:25:16

Health: -1/59      AC: 18    Str: 20    XL:     9   Next: 86%
Magic:  11/12      EV: 11    Int: 10    God:    Hepliaklqana [*.....]
Gold:   425        SH:  8    Dex:  6    Spells: 8/8 levels left

rFire   + + +      SeeInvis .   o - +1 war axe (elec)
rCold   . . .      Faith    .   c - +1 buckler
rNeg    . . .      Spirit   .   e - +6 ring mail "Ringaet" {rF+++ Will- rCorr Dex-5}
rPois   .          Reflect  .   (helmet restricted)
rElec   .          Harm     .   (no cloak)
rCorr   +          Rampage  .   (no gloves)
Will    .....                   m - +1 pair of boots
Stlth   ..........              q - amulet of the acrobat
HPRegen 0.19/turn               l - ring of protection from fire
MPRegen 0.13/turn               (no ring)

@: no status effects
A: reduced essence, horns 2, rugged brown scales 1, foul stench 1, icemail 1,
condensation shield, clumsy 1
a: Renounce Religion, Recall Ancestor, Ancestor Identity


You were in a bailey.
You worshipped Hepliaklqana.
Hepliaklqana was aware of your devotion.
You visited 2 branches of the dungeon, and saw 10 of its levels.
You also visited: Bailey.

You collected 425 gold pieces.

Inventory:

Hand Weapons
 a - a +2 war axe of chaos
 o - a +1 war axe of electrocution (weapon)
Armour
 b - a +0 scale mail
 c - a +1 buckler (worn)
 e - the +6 ring mail "Ringaet" (worn) {rF+++ Will- rCorr Dex-5}
   (You found it on level 4 of the Dungeon)

   Dex:       It affects your dexterity (-5).
   rF:        It renders you almost immune to fire.
   rCorr:     It protects you from acid and corrosion.
   Will:      It decreases your willpower.
 m - a +1 pair of boots (worn)
Jewellery
 l - a ring of protection from fire (left hand)
 q - an amulet of the acrobat (around neck)
Scrolls
 f - a scroll of enchant armour
 h - a scroll of noise
 j - a scroll of magic mapping
 n - a scroll of poison
 u - a scroll of identify
Potions
 g - 2 potions of attraction


   Skills:
 - Level 3.4 Fighting
 + Level 10.8 Axes
 - Level 0.3 Throwing
 - Level 3.4 Armour
 + Level 5.6 Dodging
 - Level 0.2 Stealth
 - Level 3.0 Shields
 * Level 4.7 Invocations
 + Level 0.3 Evocations


You had 8 spell levels left.
You didn't know any spells.
Your spell library contained the following spells:

 Spells                   Type           Power      Damage    Failure   Level
 Foxfire                  Conj/Fire      0%         2x1d4     63%         1
 Confusing Touch          Hex            0%         N/A       94%         3
 Conjure Flame            Conj/Fire      0%         6-21      94%         3
 Inner Flame              Hex/Fire       0%         N/A       94%         3
 Flame Wave               Conj/Fire      0%         2d4       100%        4
 Summon Lightning Spire   Summ/Air       0%         N/A       100%        4
 Yara's Violent Unravell  Hex/Tmut       0%         3d3       100%        5
 Enfeeble                 Hex            0%         N/A       100%        7
 Storm Form               Tmut/Air       0%         N/A       100%        7
 Maxwell's Capacitive Co  Air            0%         ∞         100%        8


Dungeon Overview and Level Annotations

Branches:
Dungeon (9/15)             Temple (1/1) D:6            Lair (0/5) D:9
 Bailey (1/1)
    Orc: D:9-12

Altars:
Ashenzari
Cheibriados
Dithmenos
Fedhas
Hepliaklqana
Makhleb
Nemelex Xobeh
Okawaru
Qazlal
Ru
Sif Muna
Trog
Vehumet
Wu Jian
Xom

Shops:
D:2 :

Annotations:
D:8 Gastronok, Maggie


Innate Abilities, Weirdness & Mutations

Your life essence is reduced to manifest your ancestor. (-10% HP)
You have a pair of horns on your head.
You are partially covered in rugged brown scales. (AC +1, +3% HP)
You may rarely emit foul miasma when damaged in melee.
A meltable icy envelope protects you from harm. (AC +4)
A meltable shield of frost defends you. (SH +4)
You are clumsy. (Dex -2)


Message History

You headbutt the orc knight, but do no damage.
The orc knight is moderately wounded.
You hit the centaur warrior. The centaur warrior barely misses you.
The centaur warrior kicks you but does no damage.
You block the orc's attack.
Geroge closely misses something.
The orc knight hits you with a +0 halberd.
The centaur warrior hits you but does no damage.
The centaur warrior kicks you but does no damage.
You hit the centaur warrior. You headbutt the centaur warrior!
The centaur warrior is severely wounded.
You slash the orc knight!
Lightning courses through the orc knight!
Geroge hits something but does no damage.
The centaur warrior hits you!
The centaur warrior kicks you but does no damage.
The orc knight hits you but does no damage.
You barely miss the centaur warrior.
Your headbutt misses the centaur warrior.
The centaur warrior is severely wounded.
You barely miss the orc knight. You block the centaur warrior's attack.
The centaur warrior kicks you.
Geroge closely misses something.
You block the orc knight's attack.
The centaur warrior completely misses you.
The centaur warrior kicks you but does no damage.
You closely miss the centaur warrior.
Your headbutt misses the centaur warrior.
The centaur warrior is severely wounded.
You slash the orc knight!
Lightning courses through the orc knight!
Something hits Geroge.
The centaur warrior hits you but does no damage.
The centaur warrior closely misses you.
Geroge hits something!
Reactivating autopickup.
The orc knight hits you with a +0 halberd!!
* * * LOW HITPOINT WARNING * * *
You emit a cloud of foul miasma!
You barely miss the centaur warrior.
The centaur warrior is severely wounded.
You barely miss the orc knight. The centaur warrior hits you.
You die...

##########
##≈≈≈≈≈≈≈≈≈
##c)R)..(...
#@ooo...(...
####)#########
#≈..).........
#≈...≈≈≈≈≈≈≈≈≈o..
##≈.o≈≈.......≈≈≈.
##≈≈....≈≈≈≈≈≈≈..≈≈
##≈≈...≈≈≈.)...≈≈≈.≈
#≈≈⌠..≈≈..≈≈≈≈≈..≈≈.
#≈≈$.≈≈.≈≈≈...≈≈≈.≈o


You could see the friendly Geroge the ancestor, an orc knight, a centaur warrior
(ally target), an orc warrior (strong) and an orc (strong).

Vanquished Creatures
  An orc sorcerer (D:7)
  An unseen horror (D:5)
  A warg (D:7)
  An ice beast (D:5)
  2 sky beasts (D:7)
  4 orc warriors
  5 ogres
  2 centaurs (Bailey)
  A phantom (D:7)
  3 necrophages
  4 scorpions
  A water moccasin zombie (D:4)
  12 wights
  9 killer bees
  A howler monkey (D:5)
  A bullfrog zombie (D:4)
  5 hounds
  2 gnoll boudas
  3 iguanas
  An orc wizard (D:6)
  A scorpion zombie (D:4)
  2 hound zombies (D:4)
  A hound skeleton (D:4)
  8 adders
  11 gnolls
  An ufetubus (D:5)
  2 adder zombies (D:4)
  2 worms
  5 dart slugs
  9 orcs
  10 ball pythons
  8 endoplasms
  3 giant cockroaches
  8 goblins
  5 hobgoblins
  11 jackals
  4 quokkas
  5 bats
  4 frilled lizards
  8 kobolds
  8 rats
176 creatures vanquished.

Vanquished Creatures (collateral kills)
  An orc wizard (Bailey)
1 creature vanquished.

Vanquished Creatures (others)
  An orc (Bailey)
  2 withered plants (D:4)
3 creatures vanquished.

Grand Total: 180 creatures vanquished

Notes
Turn   | Place    | Note
-------+----------+-------------------------------------------
     0 | D:1      | smilodon the Demonspawn Fighter began the quest for the
                  | Orb.
     0 | D:1      | Reached XP level 1. HP: 18/18 MP: 1/1
   248 | D:1      | Gained mutation: A meltable shield of frost defends you.
                  | (SH +4) [demonic ancestry]
   248 | D:1      | Reached XP level 2. HP: 23/24 MP: 2/2
   567 | D:1      | Reached skill level 2 in Axes
   875 | D:1      | Found a faded altar of an unknown god.
  1345 | D:1      | Gained mutation: You may rarely emit foul miasma when
                  | damaged in melee. [demonic ancestry]
  1345 | D:1      | Reached XP level 3. HP: 29/29 MP: 3/3
  1950 | D:2      | Reached XP level 4. HP: 35/35 MP: 4/4
  2292 | D:2      | Found Qerest's Book Boutique.
  2315 | D:2      | Gained mutation: You have a pair of small horns on your
                  | head. [potion of mutation]
  2315 | D:2      | Gained mutation: You are clumsy. (Dex -2) [potion of
                  | mutation]
  2315 | D:2      | Gained mutation: You have a pair of horns on your head.
                  | [potion of mutation]
  2431 | D:3      | Reached skill level 3 in Axes
  2845 | D:3      | Mutation became permanent: You have a pair of small horns
                  | on your head. [demonic ancestry]
  2845 | D:3      | Gained mutation: You have a pair of horns on your head.
                  | [demonic ancestry]
  2845 | D:3      | Reached XP level 5. HP: 40/41 MP: 5/5
  3101 | D:4      | Identified the +6 ring mail "Ringaet" {rF+++ Will- rCorr
                  | Dex-5}
  3107 | D:4      | Reached skill level 1 in Dodging
  3213 | D:4      | Reached skill level 4 in Axes
  3320 | D:4      | Found a broken altar of Ashenzari.
  3330 | D:4      | Gained mutation: A meltable icy envelope protects you from
                  | harm. (AC +4) [demonic ancestry]
  3330 | D:4      | Reached XP level 6. HP: 44/47 MP: 6/6
  3382 | D:4      | Found a shimmering blue altar of Sif Muna.
  3569 | D:4      | Reached skill level 5 in Axes
  4039 | D:4      | Found a sacrificial altar of Ru.
  4249 | D:5      | Entered Level 5 of the Dungeon
  4264 | D:5      | Reached XP level 7. HP: 51/52 MP: 7/7
  4386 | D:5      | Reached skill level 6 in Axes
  4416 | D:5      | Found a sparkling altar of Nemelex Xobeh.
  4474 | D:5      | Killed an unseen horror
  4475 | D:5      | Reached skill level 7 in Axes
  4475 | D:5      | Gained mutation: You are partially covered in rugged brown
                  | scales. (AC +1, +3% HP) [demonic ancestry]
  4475 | D:5      | Reached XP level 8. HP: 23/59 MP: 8/8
  4860 | D:5      | Found a shimmering altar of Xom.
  5028 | D:5      | Reached skill level 8 in Axes
  6093 | D:6      | You fall into a shaft and drop 1 floor!
  6267 | D:6      | Reached skill level 9 in Axes
  6302 | D:6      | Found a staircase to the Ecumenical Temple.
  6354 | Temple   | Entered the Ecumenical Temple
  6671 | Temple   | Became a worshipper of Warmaster Okawaru
  6873 | D:6      | Reached skill level 1 in Invocations
  6907 | D:6      | Mutation became permanent: You have a pair of small horns
                  | on your head. [demonic ancestry]
  6907 | D:6      | Gained mutation: You have a pair of horns on your head.
                  | [demonic ancestry]
  6907 | D:6      | Reached XP level 9. HP: 30/65 MP: 8/10
  7366 | D:6      | Found a hazy altar of Hepliaklqana.
  7456 | D:6      | Fell from the grace of Okawaru
  7456 | D:6      | Became a worshipper of Hepliaklqana the Forgotten
  7851 | D:6      | Noticed a deep elf archer
  7851 | D:6      | Noticed a tengu warrior
  7851 | D:6      | Noticed a tengu warrior
  8103 | D:7      | Reached skill level 10 in Axes
  8281 | D:7      | Reached skill level 5 in Dodging
  8780 | D:7      | Noticed a stone giant
  8780 | D:7      | Noticed an orc knight
  8780 | D:7      | Noticed an orc sorcerer
  8976 | D:8      | Noticed Gastronok
  8986 | D:8      | Noticed a deep elf archer
  8986 | D:8      | Noticed a deep elf archer
  8986 | D:8      | Noticed a deep elf pyromancer
  8986 | D:8      | Noticed a deep elf knight
  8986 | D:8      | Noticed a merfolk impaler
  8986 | D:8      | Noticed a merfolk
  9374 | D:8      | Found a burning altar of Makhleb.
  9391 | D:8      | Noticed a komodo dragon
  9391 | D:8      | an orc knight changed into a komodo dragon
  9391 | D:8      | Noticed Maggie
  9501 | D:7      | Killed an orc sorcerer
  9723 | D:8      | Noticed a merfolk
  9898 | D:9      | Found a staircase to the Lair.
  9939 | D:9      | Found a flagged portal.
  9950 | D:9      | Reached * piety under Hepliaklqana
  9952 | Bailey   | Entered a bailey
 10340 | Bailey   | Noticed a centaur warrior
 10340 | Bailey   | Noticed an orc knight
 10353 | Bailey   | Slain by a centaur warrior

Illustrated notes

Levels and vault maps discovered:
D:1:      dpeg_arrival_tiny_h, layout_basic,
          shapermc_ecumenical_altar_starsandcircs
D:2:      layout_loops_corners, serial_shops, nicolae_lakefront_shop
D:3:      layout_rooms
D:4:      layout_loops_corners, lemuel_crystal_altar, general_overflow_altar,
          lemuel_crystal_altar, serial_undead, serial_undead_f, serial_undead_f,
          serial_undead_f, serial_undead_c, minmay_misc_feat_secret_circle
D:5:      layout_loops_ring, mainiacjoe_overflow_large_starburst, moated_statue,
          eino_small_chamber_without_monster, nicolae_figureground_pulse
D:6:      layout_basic, nicolae_hepliaklqana_hippocampus, temple_statues
D:7:      layout_loops_ring, minmay_misc_feat_encased
D:8:      layout_loops_ring, mainiacjoe_overflow_paths,
          mainiacjoe_overflow_alcove_2, uniq_maggie, uniq_gastronok
D:9:      layout_cave_pools, amcnicky_altar_gilded,
          eat_drink_and_be_merry_uskayaw, kennysheep_vampire_church,
          erik_lair_orcish_takeover, enter_bailey_5,
          minmay_misc_feat_four_crosses
Temple:   compressed_dpeg_triangle_lava_temple
Bailey:   bailey_polearm_flooded_kennysheep, bailey

Skill      XL: |  1  2  3  4  5  6  7  8  9 |
---------------+----------------------------+-----
Armour         | 3 |  3.4
Axes           | 2 3 4 5 7 9 10 | 10.8
Shields        | 3 |  3.0
Dodging        | 1 2 3 4 5 |  5.6
Invocations    | 1 4 |  4.7
Fighting       | |  3.4
Throwing       | |  0.3
Stealth        | |  0.2
Evocations     | |  0.3

Action                   |  1- 3 |  4- 6 |  7- 9 || total
-------------------------+-------+-------+-------++-------
Melee: War axe           |   113 |   168 |   333 ||   614
       Headbutt          |       |    30 |    50 ||    80
Throw: Javelin           |       |       |    31 ||    31
       Throwing net      |       |       |     6 ||     6
Invok: Recall Ancestor   |       |       |     1 ||     1
       Ancestor Identity |       |       |     1 ||     1
Evoke: Wand              |       |       |    12 ||    12
  Use: Scroll            |       |    14 |    17 ||    31
       Potion            |       |     4 |     8 ||    12
Armor: Scale mail        |    47 |    42 |       ||    89
       Ring mail         |       |    36 |   191 ||   227
       Skin              |       |       |     8 ||     8
Dodge: Dodged            |    47 |    97 |   261 ||   405
Block: Buckler           |    54 |   110 |   208 ||   372
